AoeStats
← nesliq9028

MegaRandom

504790710Analyzed
2v2 RM · 27d ago on Sep 6, 2026· 59m 2s· 4 players
Game mode
Random Map
Map size
Medium (4 player)
Population
200
Speed
Normal
Resources
Standard
Victory
Conquest
Starting age
Dark Age
Ending age
Imperial Age
RankedLock teamsTeams togetherTeam positionsShared explorationLock speedFull tech treeHidden civsTurbo modeCheats
Victory
Defeat
🇬🇹 Romans · Guatemala
871
+17
🇨🇿 Japanese · Czechia
846
+19
🇹🇷 Franks · Türkiye
892
-18
🇹🇷 Turks · Türkiye
892
-18
Vencaas
9:45 Loom
12:02 Feudal Age
12:22 Man-at-Arms
12:59 Arson
13:29 Forging
13:08 Horse Collar
19:40 Scale Mail Armor
22:21 Double-Bit Axe
25:42 Castle Age
28:39 Padded Archer Armor
32:29 Squires
32:15 Gambesons
35:51 Iron Casting
42:15 Gold Mining
46:50 Chain Mail Armor
47:05 Bow Saw
49:45 Heavy Plow
53:58 Imperial Age
53:53 Pikeman
58:39 Imperial Age
58:42 Halberdier
Chris_Alva
6:12 Loom
11:59 Feudal Age
12:38 Man-at-Arms
15:37 Double-Bit Axe
19:41 Castle Age
17:49 Horse Collar
18:13 Scale Mail Armor
19:07 Stone Mining
20:03 Gold Mining
19:52 Long Swordsman
20:45 Forging
23:18 Fletching
27:41 Bow Saw
27:36 Heavy Plow
29:19 Ballistas
30:00 Wheelbarrow
32:28 Gold Shaft Mining
34:27 Scale Barding Armor
41:37 Imperial Age
40:09 Chain Mail Armor
40:30 Iron Casting
39:59 Squires
39:50 Pikeman
43:04 Crop Rotation
42:08 Halberdier
45:44 Blast Furnace
44:40 Bodkin Arrow
45:06 Chain Barding Armor
45:38 Comitatenses
46:13 Legionary
49:56 Padded Archer Armor
50:32 Plate Barding Armor
50:57 Hand Cart
54:41 Chemistry
54:02 Ballistics
CANAVAR
0:49 Loom
14:14 Feudal Age
16:26 Wheelbarrow
18:36 Gold Mining
18:41 Fletching
23:50 Castle Age
22:29 Stone Mining
32:03 Forging
32:26 Husbandry
33:33 Iron Casting
34:27 Hand Cart
33:58 Town Watch
37:17 Scale Barding Armor
37:59 Double-Bit Axe
44:38 Imperial Age
43:10 Caravan
44:41 Cavalier
44:50 Cavalier
46:47 Blast Furnace
46:40 Conscription
47:22 Gold Shaft Mining
48:11 Town Patrol
51:07 Paladin
54:16 Bow Saw
58:44 Elite Skirmisher
nesliq9028
0:42 Loom
13:25 Feudal Age
17:09 Wheelbarrow
45:00 Castle Age
50:55 Redemption
Connection lost

Rejoining the realm…

Still unreachable

The connection could not be restored.

Session expired

The server has moved on; the page needs a fresh start.